 Dungeon Crawl Stone Soup version bcrawl-1.17.3 (webtiles) character file.

Game seed: 11963507126901663096

24 Morbidden the Scratcher (level 3, 20/20 HPs)
             Began as a Felid Monk on Oct 31, 2019.
             Quit the game on level 2 of the Dungeon.
             The game lasted 00:02:47 (1824 turns).

Morbidden the Scratcher (Felid Monk)                Turns: 1824, Time: 00:02:47

Health: 20/20      AC:  1    Str:  7    XL:     3   Next: 2%
Magic:  5/5        EV: 20    Int: 12    God:
Gold:   95         SH:  0    Dex: 18    Spells: 2/2 levels left
                                        Lives:  0   Deaths: 0

rFire    . . .     SeeInvis +     - Unarmed
rCold    . . .     Gourm    .   (shield unavailable)
rNeg     . . .     Faith    .   (armour unavailable)
rPois    .         Spirit   +   (helmet unavailable)
rElec    .         Reflect  .   (cloak restricted)
rCorr    .         Harm     .   (gloves unavailable)
MR       .....                  (boots unavailable)
Stlth    +++.......             a - amulet of guardian spirit
HPRegen  0.06/turn              (no ring)
MPRegen  0.09/turn              (no ring)

@: quick
A: very small, no armour, no weapons or thrown items, stealth, claws 1, fangs 3,
see invisible, carnivore, speed 1, shaggy fur 1, slow metabolism 1, sharp paws
a: no special abilities


You were on level 2 of the Dungeon.
You were completely stuffed.

You visited 1 branch of the dungeon, and saw 2 of its levels.

You collected 95 gold pieces.

Inventory:

Jewellery
 a - an amulet of guardian spirit (around neck)
Scrolls
 c - 4 scrolls of teleportation {unknown}
 e - a scroll of enchant armour {unknown}
 f - 2 scrolls of identify {unknown}
Potions
 d - a potion of berserk rage {unknown}
 g - a potion of mutation {unknown}
 h - a potion of heal wounds {unknown}
Comestibles
 b - 6 rations {!d}


   Skills:
 * Level 3.3 Fighting
 + Level 4.2 Dodging
 + Level 3.1 Stealth
 * Level 4.2 Unarmed Combat
 * Level 0.3 Spellcasting
   Level 2.1 Invocations


You had 2 spell levels left.
You didn't know any spells.
Your spell library was empty.

Dungeon Overview and Level Annotations

Branches:
Dungeon (2/12)

Altars:
Hepliaklqana
Lugonu
Qazlal
Uskayaw
Vehumet
Yredelemnul


Innate Abilities, Weirdness & Mutations

You cannot wear almost all types of armour.
You are incapable of wielding weapons or throwing items.
Your paws allow you to move quietly. (Stealth)
You have sharp claws.
You have razor-sharp teeth.
You have supernaturally acute eyesight. (SInv)
You are carnivorous and can eat meat at any time.
You cover ground quickly.
You are covered in fur. (AC +1)
You have a slow metabolism.
Your sharp claws are effective at attacking unaware monsters.


Message History

There is a hide-covered altar of Uskayaw here.
You see here a runed helmet.
You see here 219 stones.
You now have 95 gold pieces (gained 14).
Found a stone staircase leading down.
No target in view!
There is a stone staircase leading down here.
You open the door.
A worm comes into view.
You have reached level 3!
Your experience leads to an increase in your attributes!
Increase (S)trength, (I)ntelligence, or (D)exterity?
You feel clever.
A dart slug comes into view.
Found an inky potion.
There is an open door here.
Unknown command.
You can't grasp things well enough to throw them.
Unknown command.
Are you sure you want to abandon this character and quit the game? (Confirm with "yes".)

#..# ###########.# #..#
!... ..#.# ##..# #w..
#.#.# ....# #... #.#.#
#...# .# #... #.#.#
##..# .# #... #.#.#
#..####.# #... #.#.#
##..#....####...####.#.#
(...............@..>.#.#
##..#....#.##w..####...#
#.......# #.## #####
#....<..# # ##.#..##.#
.........# ...##รท.###
_..###.###.#
...........#


You could see a worm and a dart slug (sleeping).

Vanquished Creatures
  An adder (D:2)
  A dart slug (D:1)
  A goblin (D:1)
  4 hobgoblins
  3 jackals (D:1)
  2 bats
  A frilled lizard (D:1)
  5 kobolds
  2 rats (D:1)
20 creatures vanquished.

Notes
Turn   | Place    | Note
-------+----------+-------------------------------------------
     0 | D:1      | Morbidden the Felid Monk began the quest for the Orb.
     0 | D:1      | Reached XP level 1. HP: 12/12 MP: 3/3
   491 | D:1      | Reached XP level 2. HP: 15/16 MP: 4/4
  1507 | D:2      | Found a stormy altar of Qazlal.
  1508 | D:2      | Found a hide-covered altar of Uskayaw.
  1515 | D:2      | Found a radiant altar of Vehumet.
  1515 | D:2      | Found a hazy altar of Hepliaklqana.
  1515 | D:2      | Found a basalt altar of Yredelemnul.
  1515 | D:2      | Found a corrupted altar of Lugonu.
  1823 | D:2      | Reached XP level 3. HP: 20/20 MP: 5/5
  1824 | D:2      | Quit the game

Skill      XL: |  1  2 |
---------------+-------+-----
Unarmed Combat | 4 |  4.2
Fighting       | |  3.3
Dodging        | |  4.2
Stealth        | |  3.1
Spellcasting   | |  0.3
Invocations    | |  2.1

Action                   || total
-------------------------++-------
Melee: Unarmed           ||    58
       Bite              ||     6
       Punch             ||     3
 Stab: Sleeping          ||     4
  Eat: Chunk             ||     9
Armor: Skin              ||     3
Dodge: Dodged            ||    33
